Cogmind - Beta 15 @@@ ROGUE MODE // 2025.06.07 @ 22:26:47 Player: Kassityyp Result: Destroyed by G-47 Trooper with Particle Gun Performance ------------- Evolutions (0) 0 Regions Visited (1) 200 Robots Destroyed (7) 35 Value Destroyed (89) 89 Prototype IDs (0) 0 Alien Tech Used (0) 0 Bonus (0) 0 TOTAL SCORE: 324 Bonus ------- None Cogmind --------- Core Integrity 0/250 Matter 186/300 Energy 100/100 System Corruption 0% Temperature Cool (9) Movement Core (50) Location -10/Materials Parts ------- > --- POWER (1) -------- (None) > --- PROPULSION (2) --- (None) > --- UTILITY (2) ------ Disposable Heat Sink Transport Network Coupler > --- WEAPON (2) ------- Assault Rifle > --- INVENTORY (5) ---- VTOL Module Disposable Heat Sink Peak State ------------ > --- POWER ------------ Light Ion Engine > --- PROPULSION ------- Wheel Wheel > --- UTILITY ---------- Disposable Heat Sink Disposable Heat Sink > --- WEAPON ----------- Assault Rifle Assault Rifle > --- INVENTORY -------- VTOL Module [Rating: 9] Favorites ----------- Power Light Ion Engine Engine Light Ion Engine Propulsion Wheel Wheel Wheel Utility Disposable Heat Sink Device Disposable Heat Sink Processor Transport Network Coupler Weapon Assault Rifle Ballistic Gun Assault Rifle Special Weapon Mining Laser Build | -11 -10 ------- Run | Yrd Mat Slots Evolved . | . . Power . | . . Propulsion . | . . Utility . | . . Weapon . | . . Parts Attached 10 | 4 6 Power 1 | 1 . Engine 1 | 1 . Core . | . . Reactor . | . . Propulsion 2 | 2 . Treads . | . . Leg . | . . Wheel 2 | 2 . Hover . | . . Flight . | . . Utility 3 | . 3 Device 2 | . 2 Storage . | . . Processor 1 | . 1 Hackware . | . . Protection . | . . Artifact . | . . Weapon 4 | 1 3 Energy Gun . | . . Energy Cannon . | . . Ballistic Gun 3 | 1 2 Ballistic Cannon . | . . Launcher . | . . Special Weapon 1 | . 1 Impact Weapon . | . . Slashing Weapon . | . . Piercing Weapon . | . . Special Melee Weapon . | . . Unidentified Prototypes . | . . Parts Lost 6 | . 6 Power 1 | . 1 Propulsion 2 | . 2 Utility . | . . Weapon 3 | . 3 Highest Loss Streak 3 | . 3 To Critical Strikes . | . . Average Backups 1 | . 2 Power . | . . Propulsion . | . . Utility . | . . Weapon . | . . Tool/Special . | . . Unused Backups 1 | . 1 Power . | . . Propulsion 1 | . 1 Utility . | . . Weapon . | . . Tool/Special . | . . Average Slot Usage (%) 68 | . 68 Engine 6 | . 6 Wheel 21 | . 21 Device 11 | . 11 Processor 8 | . 8 Ballistic Gun 18 | . 18 Peak Build Rating 9 | 4 9 Average Rating 4 | 3 5 On Entrance 2 | . 4 Naked Turns . | . . Heaviest Build 9 | 5 9 Greatest Support 20 | 20 20 Greatest Overweight (x) . | . . Average Overweight (x) . | . . Largest Inventory Capacity 5 | 5 5 Average Capacity 5 | 5 5 Most Carried 4 | 3 4 Average Carried 1 | . 2 Final Capacity 5 | 5 5 Final Carried 2 | 1 2 Class Distribution -------------------- 100% | Mutant Dominant Class ---------------- Mutant | -10/Materials Resources | -11 -10 ----------- Run | Yrd Mat Matter Collected 306 | 255 51 Remotely . | . . Salvage Created 127 | 38 89 Parts 16 | 1 15 Haulers Intercepted . | . . Recyclers Shooed 1 | . 1 Parts Field Recycled . | . . Retrieved Matter . | . . Parts Self-Destructed . | . . Prevented . | . . Kills | -11 -10 ------- Run | Yrd Mat Combat Hostiles Destroyed 6 | 1 5 Guns 6 | 1 5 Classes Destroyed 3 | 1 2 Builder 1 | . 1 Swarmer 5 | . 5 Grunt 1 | 1 . Best Kill Streak 4 | 1 4 Combat Bots Only 3 | 1 3 Max Kills in Single Turn 1 | 1 1 Gunslinging . | . . Exploded . | . . Melee . | . . Uniques/NPCs Destroyed . | . . Combat | -11 -10 -------- Run | Yrd Mat Hostile Shots Fired 88 | 6 82 Missed 19 | 2 17 Hits 69 | 4 65 Projectile 69 | 4 65 Critical Strikes 1 | . 1 Damage Taken 690 | 45 645 Core 255 | 11 244 Absorbed by Shields . | . . Core Remaining (%) 95 | 95 . Volleys Fired 51 | 5 46 Largest 2 | 1 2 Hottest 40 | 20 40 Shots Fired 59 | 5 54 Gun 59 | 5 54 Cannon . | . . Launcher . | . . Special . | . . Kinetic 59 | 5 54 Thermal . | . . Explosive . | . . Electromagnetic . | . . Robot Hit Streak 3 | 3 2 Robot Miss Streak 5 | 1 5 Penetration Max . | . . Secondary Targets 1 | . 1 Max Gunslinging Chain 1 | . 1 Shots Hit Robots 20 | 4 16 Core Hits 10 | 2 8 Critical Kills . | . . Critical Parts Destroyed . | . . Critical Strikes . | . . Melee Attacks . | . . Impact . | . . Slashing . | . . Piercing . | . . Sneak Attacks . | . . Combat Hostiles . | . . Follow-up Attacks . | . . Damage Inflicted 243 | 48 195 Guns 242 | 48 194 Cannons . | . . Explosions . | . . Melee . | . . Ramming 1 | . 1 Kinetic 242 | 48 194 Thermal . | . . Explosive . | . . Electromagnetic . | . . Impact . | . . Slashing . | . . Piercing . | . . Highest Corruption . | . . Average Corruption . | . . Corruption Purged . | . . Corruption Blocked . | . . Overload Shots . | . . Overflow Damage . | . . Projectiles . | . . Explosions . | . . Melee . | . . Knockbacks . | . . Impact . | . . Kinetic . | . . Secondary . | . . Self-Inflicted Damage . | . . Shots . | . . Rammed 1 | . 1 Targets Rammed 1 | . 1 Kicked . | . . Crushed . | . . Highest Temperature 4 | . 4 Average Temperature 4 | . 4 Received Heat Transfer 171 | 24 147 Siege Activations . | . . Martial Activations . | . . Shielding Activations . | . . Robots Disrupted . | . . Combat Hostiles . | . . Robots Corrupted . | . . Combat Hostiles . | . . Parts Fried . | . . Impact Corruptions . | . . Robots Melted . | . . Combat Hostiles . | . . Parts Melted . | . . Heat Transferred . | . . Parts Sabotaged . | . . Parts Stolen . | . . Parts Stripped . | . . Power Chain Reactions . | . . Alert | -11 -10 ------- Run | Yrd Mat Maximum Alert Level . | . . Low Security (%) 100 | 100 100 Level 1 . | . . Level 2 . | . . Level 3 . | . . Level 4 . | . . Level 5 . | . . High Security . | . . Max Security . | . . Peak Influence 40 | 20 40 Initial . | . . Average 4 | 2 5 Influence Increases 150 | 20 130 Destroy 0b10 Robot/C 120 | 20 100 Destroy 0b10 Robot/NC 5 | . 5 Destroy Leader 10 | . 10 Partial Spotted 15 | . 15 Influence Decreases 145 | 20 125 Time Decay 105 | 20 85 Lost Part 40 | . 40 Squads Dispatched 1 | . 1 Investigation . | . . Extermination . | . . Reinforcement 1 | . 1 Assault . | . . Garrison . | . . Intercept . | . . Searches Triggered . | . . Construction Impeded . | . . Haulers Reinforced . | . . Active Scanning Responses . | . . Cargo Convoy Interrupts . | . . Stealth | -11 -10 --------- Run | Yrd Mat Distress Signals . | . . Communications Jammed . | . . Distress Signals . | . . Times Spotted 12 | 1 11 Peak Tracking Total 4 | 1 4 Tactical Retreats . | . . Traps | -11 -10 ------- Run | Yrd Mat Traps Triggered . | . . Indirectly . | . . Trap Hack Attempts . | . . Triggered . | . . Disarmed . | . . Reprogrammed . | . . Reused . | . . Traps Extracted . | . . Installed . | . . Triggered . | . . Machines | -11 -10 ---------- Run | Yrd Mat Machines Disabled . | . . Max in Single Turn . | . . Machines Repaired . | . . Machines Dismantled . | . . Machines Sabotaged . | . . Overloaded Fab Kills . | . . Hacking | -11 -10 --------- Run | Yrd Mat Machines Accessed . | . . Terminals . | . . Fabricators . | . . Repair Stations . | . . Recycling Units . | . . Scanalyzers . | . . Garrison Access . | . . Total Hacks . | . . Successful . | . . Failed . | . . Catastrophic . | . . Database Lockouts . | . . Manual . | . . Terminals . | . . Fabricators . | . . Repair Stations . | . . Recycling Units . | . . Scanalyzers . | . . Garrison Access . | . . Terminal Hacks . | . . Fabricator Hacks . | . . Repair Station Hacks . | . . Recycling Unit Hacks . | . . Scanalyzer . | . . Garrison Access Hacks . | . . Unauthorized Hacks . | . . Terminals . | . . Fabricators . | . . Repair Stations . | . . Recycling Units . | . . Scanalyzers . | . . Garrison Access . | . . Data Cores Recovered . | . . Used . | . . Hacking Detections . | . . Full Trace Events . | . . Feedback Events . | . . Feedback Blocked . | . . Robot Schematics Acquired . | . . Robots Built . | . . Authchips . | . . Time . | . . Total Robot Build Rating . | . . Part Schematics Acquired . | . . Parts Built . | . . Authchips . | . . Time . | . . Total Part Build Rating . | . . Parts Repaired . | . . Time . | . . Parts Recycled . | . . Recycled Matter . | . . Retrieved Matter . | . . Retrieved Components . | . . Parts Scanalyzed . | . . Part Schematics Acquired . | . . Parts Damaged . | . . Bothacking | -11 -10 ------------ Run | Yrd Mat Used RIF Installer . | . . Robots Hacked . | . . Non-combat . | . . Combat . | . . Robot Hacks Applied . | . . Relay Couplers Released . | . . Fabnet Peak Effective % . | . . Robots Rewired . | . . Allies Hacked . | . . Hacks Repelled . | . . Allies | -11 -10 -------- Run | Yrd Mat Total Allies . | . . Largest Group . | . . Highest-Rated Group . | . . Highest-Rated Ally . | . . Total Orders . | . . Ally Attacks . | . . Total Damage . | . . Kills . | . . Allies Corrupted . | . . Allies Melted . | . . Intel | -11 -10 ------- Run | Yrd Mat Active Infowar (turns) 199 | . 199 T.N.C. 199 | . 199 Robot Analysis Total . | . . Derelict Logs Recovered . | . . Drone Launches . | . . Drone Recoveries . | . . Exploration | -11 -10 ------------- Run | Yrd Mat Turns Passed 491 | 183 308 Spaces Moved 470 | 216 254 Core 50 | 26 24 Treads . | . . Legs . | . . Wheels 420 | 190 230 Hover . | . . Flight . | . . Fastest Speed 50 | 50 50 Average Speed 76 | 76 77 Slowest Speed 80 | 80 80 Overloaded Moves . | . . Propulsion Burnouts . | . . Robots Hopped . | . . Potential Cave-ins . | . . Cave-ins Triggered . | . . Exploration Rate (%) 13 | 6 21 Regions Visited 1 Branch Regions . Pre-discovered Areas . | . . Known Exits Taken . | . . Unknown Exits Taken 1 | 1 . Scrap Searched . | . . Spaces Dug . | . . Terrain Destroyed . | . . Melee . | . . Projectile . | . . AOE . | . . Terrain Rammed . | . . Walls Destroyed . | . . Machines Disabled . | . . Actions | -11 -10 --------- Run | Yrd Mat Total 545 | 228 317 Wait . | . . Move 469 | 215 254 Hop . | . . Pick Up 9 | 4 5 Fast Attach 3 | 1 2 Attach 8 | 3 5 Detach 2 | . 2 Swap 1 | . 1 Drop 1 | . 1 Fire 51 | 5 46 Melee . | . . Ram 1 | . 1 Kick . | . . Crush . | . . Escape Stasis . | . . Rewire . | . . Trap . | . . Miscellaneous . | . . Route ------- -11/Scrapyard -10/Materials (discovered 1 exit: [*Min]) History --------- Turn | Location | Event 2 | -11/Scrapyard | Met Revision 17 109 | -11/Scrapyard | Discovered new exit (range 8) 184 | -11/Scrapyard | Entered Materials 314 | -10/Materials | Build established: Mutant 314 | -10/Materials | Discovered new exit (range 7) 439 | -10/Materials | Lost 3 parts (1n2w) 457 | -10/Materials | Core integrity fell below 50% 483 | -10/Materials | Core integrity fell below 20% 492 | -10/Materials | Destroyed by G-47 Trooper with Particle Gun Last Messages --------------- 00422_ S-10 Pest destroyed. 00428_ R-06 Scavenger collects Flight Unit. 00441_ Acquired 11 matter. 00442_ R-06 Scavenger collects Lgt. Ion Engine. 00445_ R-06 Scavenger destroyed. [Achievement: Storm Trooper] 00449_ Wheel destroyed. 00463_ O-16 Technician: "IFF HANDSHAKE FAILED. SECURING TERMINAL." 00466_ Lgt. Assault Rifle destroyed. 00467_ K-01 Serf collects debris. 00469_ Acquired 13 matter. 00474_ ALERT: Hostiles spotted, dispatching reinforcements to Terminal M001. [Achievement: Uninvited Guest] 00487_ R-06 Scavenger collects Flight Unit. When the line of fire is red, you are attempting to shoot through an object at another target, which incurs significant penalties. [Achievement: First Step to Greatness] Map ----- +----------------------------------------------------+ | ??????????????# #???????? #????????????? | | ??????????????# #???????? #????????????? | | ??????????????# #???????? #????????????? | | ??????????????##### #???????? ?????????????? | | ??????????????????# #???????? ??????????????? | | ??????????????????# #???????? ???????????????? | | ????############### ##########+######+####?????? | | ????# #?????? | | ????# +?????? | | ????# #?????? | | ????##+######## ####+###??????? | | ??????????????# #?????????????? | | ??????????????# +?????????????? | | ??????????????# ######## #### #?????????????? | | ??????????????# #??????# #??# #?????????????? | | ??????????????# #??#####+####! = [[#?????????????? | | ??????????????# #??# ##! ==[[#?????????????? | | ?????????????? ??## k #########?????????????? | | ?????????????? ???+ #?????????????????????? | | ?????????????? ???# #?????????????????????? | | ?????????????# ???# ] #?????????????????????? | | ?????????????# ???# !! #?????????????????????? | | ?????????????? ???# !! #?????????????????????? | | ?????????????? ???# #?????????????????????? | | ???????????????????# #########?????????????? | | ???????????????????# @ #""|"|""#?????????????? | | ????????????#??????# = # " "|" #????????#????? | | ????????????#! #######g## =!! #####*%! #???? | | ????????????# % =%= #???? | | ?????????? + =< " ?????? | | ????????????# % #???? | | ????????????# #######u## ##### #???? | | ????????????## ??????? #########??????+##????? | | ?????????????????????? ??????????????????????? | | ????????????????????? ??????????????????????? | | ???????????????????# ] ?"" ??????????????????????? | | ???????????????????+ ??"" ??????????????????????? | | ???????????????????# ???"" ??????????????????????? | | ???????????????????#?????? ??????????????????????? | | ??????????????????????????!??????????????????????? | | ?????????????????????????? ??????????????????????? | | ?????????????????????????? ??????????????????????? | | ?????????????????????????????????????????????????? | | ?????????????????????????????????????????????????? | | ?????????????????????????????????????????????????? | | ?????????????????????????????????????????????????? | | ?????????????????????????????????????????????????? | | ?????????????????????????????????????????????????? | | ?????????????????????????????????????????????????? | | ?????????????????????????????????????????????????? | +----------------------------------------------------+ Best States ------------- Heat Dissipation 25 Coolant Potential 100 Energy Generation 10 Energy Capacity 125 Matter Stores 300 Matter Capacity 300 Sight Range 16 Terrain Scan Density 10 Evasion (%) 50 Item Schematics ----------------- None Robot Schematics ------------------ None Fabricated ------------ Nothing Repaired ---------- Nothing Alien Tech Used ----------------- None Achievements -------------- First Step to Greatness Storm Trooper Uninvited Guest Challenges ------------ None Game ------ Seed AssaultIntegratedSlayer Manual? 0 Play Time 00:17:36 Cumulative 0.2 hours Start 2025.06.07 @ 22:10:47 End 2025.06.07 @ 22:26:47 Sessions 1 Manual Loads 0 Difficulty Rogue Special Mode None Game No. 1 Rogue 1 Adventurer 0 Explorer 0 Win Type - Total 0 Types 0/0/0/0/0/0/0/0/0/0 Lore% 0 Gallery% 0 Achievement% 1 Wizard Run 0 Options --------- Layout 1 ASCII 0 Keyboard 1 Movement Arrows Keybinds 0 Fullscreen 1 Font 24/Smallcaps Map View 50x35 Zoom Use 0% Tactical HUD 1 Map Filters NONE Filters NONE Steam 1 RUN: 31502792-25c6-46da-ac2b-4600f37ee9c2